AoeStats
← Mark0

Black Forest

508810812Analyzed
2v2 RM · 7d ago on Sep 24, 2026· 20m 29s· 4 players
Game mode
Random Map
Map size
Medium (4 player)
Population
200
Speed
Normal
Resources
Standard
Victory
Conquest
Starting age
Dark Age
Ending age
Imperial Age
RankedLock teamsTeams togetherTeam positionsShared explorationLock speedFull tech treeHidden civsTurbo modeCheats
Victory
Defeat
🇲🇽 Bohemians · Mexico
846
+14
🇲🇽 Italians · Mexico
821
+15
🇹🇼 Khmer · Taiwan
832
-17
🇺🇸 Koreans · United States
750
-12
zaff007008
1:17 Loom
12:28 Feudal Age
13:03 Double-Bit Axe
13:29 Horse Collar
wwe
0:34 Loom
PigNoise
0:47 Loom
16:28 Feudal Age
17:37 Double-Bit Axe
Mark0
0:26 Loom
15:18 Feudal Age
17:39 Wheelbarrow
18:56 Town Watch
19:04 Double-Bit Axe
20:37 Horse Collar
Connection lost

Rejoining the realm…

Still unreachable

The connection could not be restored.

Session expired

The server has moved on; the page needs a fresh start.